 Dungeon Crawl Stone Soup version 0.25.1-2-g60ff931df9 (webtiles) character file.

Game seed: 8727589834549991958

226 DearestLeader the Chopper (level 5, 0/38 HPs)
             Began as a Demonspawn Gladiator on Oct 24, 2020.
             Slain by a shadow imp (1 damage)
             ... on level 7 of the Dungeon.
             The game lasted 00:05:06 (3597 turns).

DearestLeader the Chopper (Demonspawn Gladiator)    Turns: 3597, Time: 00:05:08

Health: 0/38       AC: 11    Str: 15    XL:     5   Next: 69%
Magic:  5/5        EV:  7    Int:  9    God:
Gold:   61         SH:  0    Dex: 21    Spells: 4/4 levels left

rFire    + . .     SeeInvis .   a - +0 war axe
rCold    + . .     Gourm    .   (no shield)
rNeg     . . .     Faith    .   p - +0 plate armour
rPois    .         Spirit   .   (helmet restricted)
rElec    .         Reflect  .   m - scarf {rC+ rF+}
rCorr    .         Harm     .   (no gloves)
MR       .....                  (no boots)
Stlth    ..........             (no amulet)
HPRegen  0.12/turn              g - +6 ring of dexterity
MPRegen  0.09/turn              (no ring)

@: no status effects
A: antennae 1, repulsion field 1
a: no special abilities


You were on level 7 of the Dungeon.
You were hungry.

You visited 1 branch of the dungeon, and saw 5 of its levels.

You collected 61 gold pieces.

Inventory:

Hand Weapons
 a - a +0 war axe (weapon)
Missiles
 d - 3 throwing nets (quivered)
Armour
 b - a +0 leather armour
 c - a +0 helmet
 h - a +0 chain mail
 m - a scarf of resistance (worn)
 p - a +0 plate armour (worn)
Jewellery
 g - a +6 ring of dexterity (left hand)
Scrolls
 e - 3 scrolls of remove curse
 j - a scroll of immolation
 n - a scroll of blinking {unknown}
 o - a scroll of enchant weapon {unknown}
 q - a scroll of teleportation {unknown}
Potions
 i - a potion of heal wounds {unknown}
 r - a potion of invisibility {unknown}
Comestibles
 f - 3 rations
 k - a chunk of flesh


   Skills:
 - Level 2.0 Fighting
 * Level 5.0 Axes
 - Level 1.7 Throwing
 + Level 2.4 Armour
 - Level 3.0 Dodging


You had 4 spell levels left.
You didn't know any spells.
Your spell library was empty.

Dungeon Overview and Level Annotations

Branches:
Dungeon (4/15)
 Temple: D:4-7

Altars:
Nemelex Xobeh


Innate Abilities, Weirdness & Mutations

You have a pair of small antennae on your head.
You are surrounded by a mild repulsion field. (EV +2)


Message History

The arrow hits you!
You see here an arrow.
You feel sick.
You are no longer poisoned.
A shadow imp comes into view.
The centaur shoots an arrow.
The arrow hits you but does no damage.
Found 12 stones.
The shadow imp shouts!
You slash the leopard gecko skeleton!
You destroy the leopard gecko skeleton!
You hit the shadow imp. You hit the wyvern skeleton.
You hear a shout!
A hornet zombie comes into view.
The wyvern skeleton bites you!
* * * LOW HITPOINT WARNING * * *
The centaur shoots an arrow.
The arrow hits you.
* * * LOW HITPOINT WARNING * * *
The centaur warrior zombie hits the withered plant!
The shadow imp hits you.
You die...

...........
#...58P..8. #
#......Z...
#.######8..Z..5$..
...........8Z.∩...
..?...##...8Z[$...
##.....#...P44..8.
......?@Z.Z...5.5.
#..$....5P........
#.......#.....P...
##.....###.......8
#....c #####.###
#...... .# #......
# #.....(


You could see 2 hellwings, a centaur, 4 shadow imps, a hornet zombie
(wandering), 2 centaur warrior zombies, a wyvern skeleton and 2 centaur warrior
skeletons.

Vanquished Creatures
  2 orc wizards (D:3)
  4 gnolls (D:2)
  3 adders
  An ooze (D:2)
  A worm (D:3)
  3 dart slugs
  3 leopard geckos
  8 orcs (D:3)
  5 bats
  5 giant cockroaches
  7 goblins
  3 hobgoblins
  13 jackals
  2 ball pythons
  11 frilled lizards
  6 kobolds
  A leopard gecko skeleton (D:7)
  12 rats
90 creatures vanquished.

Notes
Turn   | Place    | Note
-------+----------+-------------------------------------------
     0 | D:1      | DearestLeader the Demonspawn Gladiator began the quest for
                  | the Orb.
     0 | D:1      | Reached XP level 1. HP: 16/16 MP: 1/1
   480 | D:1      | Reached skill level 3 in Axes
   498 | D:1      | Gained mutation: You are surrounded by a mild repulsion
                  | field. (EV +2) [demonic ancestry]
   498 | D:1      | Reached XP level 2. HP: 19/22 MP: 2/2
   928 | D:1      | Gained mutation: You have a pair of small antennae on your
                  | head. [demonic ancestry]
   928 | D:1      | Reached XP level 3. HP: 23/27 MP: 3/3
  1515 | D:2      | Reached skill level 1 in Armour
  1841 | D:2      | Found a sparkling altar of Nemelex Xobeh.
  1881 | D:2      | Reached XP level 4. HP: 27/33 MP: 4/4
  1886 | D:2      | Reached skill level 4 in Axes
  2656 | D:3      | Reached XP level 5. HP: 37/38 MP: 5/5
  3576 | D:4      | Reached skill level 5 in Axes
  3593 | D:4      | You fall into a shaft and drop 3 floors!
  3593 | D:7      | Noticed a hellwing
  3593 | D:7      | Noticed a hellwing
  3594 | D:7      | Noticed a centaur warrior zombie
  3594 | D:7      | Noticed a centaur warrior zombie
  3595 | D:7      | Noticed a centaur
  3597 | D:7      | HP: 1/38 [centaur/arrow (3)]
  3597 | D:7      | Slain by a shadow imp

Illustrated notes

Levels and vault maps discovered:
D:1:      co_arrival_square_in_a_square_in_a_square, layout_loops_corners,
          minmay_hexomino_f4
D:2:      layout_basic, nicolae_overflow_hidden_temple, first_ration
D:3:      wad_pebble_path, layout_loops_ring, minmay_lizard_king
D:4:      layout_basic, kennysheep_mini_moat, gup_sewer_entry_bubbles,
          gammafunk_ghost_arena, st_stairs_5, vehumet_altar_wand_db
D:7:      cheibrodos_grave_circle, layout_rooms, basic_altar, uniq_joseph

Skill      XL: |  1  2  3  4  5 |
---------------+----------------+-----
Axes           | 3 4 5 |  5.0
Dodging        | 3 |  3.0
Armour         | 1 2 |  2.4
Fighting       | |  2.0
Throwing       | |  1.7

Action                   |  1- 3 |  4- 6 || total
-------------------------+-------+-------++-------
Melee: War axe           |   153 |   101 ||   254
  Use: Scroll            |       |     4 ||     4
 Stab: Sleeping          |     1 |       ||     1
  Eat: Chunk             |     3 |     5 ||     8
Armor: Leather armour    |    10 |       ||    10
       Chain mail        |    98 |    48 ||   146
       Plate armour      |       |     5 ||     5
Dodge: Dodged            |   105 |    68 ||   173
